 Dungeon Crawl Stone Soup version 0.26-b1-32-g5d43845318 (webtiles) character file.

Game seed: 7177646080395674211

22 theswoord the Firebug (level 2, -1/22 HPs)
             Began as a Naga Fire Elementalist on Jan 10, 2021.
             Slain by a frilled lizard (3 damage)
             ... on level 1 of the Dungeon.
             The game lasted 00:02:31 (1024 turns).

theswoord the Firebug (Naga Fire Elementalist)      Turns: 1024, Time: 00:02:32

Health: -1/22      AC:  1    Str: 10    XL:     2   Next: 91%
Magic:  3/5        EV: 10    Int: 15    God:
Gold:   23         SH:  0    Dex: 11    Spells: 4/5 levels left

rFire    . . .     SeeInvis +   b - +0 dagger
rCold    . . .     Faith    .   (no shield)
rNeg     . . .     Spirit   .   a - +0 robe
rPois    +         Reflect  .   (no helmet)
rElec    .         Harm     .   (no cloak)
rCorr    .         Rampage  .   (no gloves)
Will     .....                  (no barding)
Stlth    ++........             (no amulet)
HPRegen  0.07/turn              (no ring)
MPRegen  0.09/turn              (no ring)

@: short of breath, very slow
A: large, see invisible, deformed body, poison resistance, slowness 2, spit
poison 1, AC +0
a: Spit Poison


You were on level 1 of the Dungeon.
You visited 1 branch of the dungeon, and saw 1 of its levels.

You collected 23 gold pieces.

Inventory:

Hand Weapons
 b - a +0 dagger (weapon)
Armour
 a - a +0 robe (worn)
Scrolls
 c - a scroll of remove curse {unknown}
 d - a scroll of fog {unknown}
Potions
 e - 2 potions of brilliance {unknown}
 f - a potion of haste {unknown}


   Skills:
 - Level 1.5 Dodging
 - Level 3.0 Stealth
 + Level 2.4 Spellcasting
 + Level 1.7 Conjurations
 + Level 3.3 Fire Magic


You had 4 spell levels left.
You knew the following spells:

 Your Spells              Type           Power        Failure   Level
a - Foxfire               Conj/Fire      36%          8%          1

Your spell library contained the following spells:

 Spells                   Type           Power        Failure   Level
 Conjure Flame            Conj/Fire      9%           22%         3
 Inner Flame              Hex/Fire       6%           32%         3
 Sticky Flame             Conj/Fire      9%           58%         4
 Fireball                 Conj/Fire      4%           91%         5


Dungeon Overview and Level Annotations

Branches:
Dungeon (1/15)

Altars:


Innate Abilities, Weirdness & Mutations

You cannot wear boots.
Your serpentine skin is tough. (AC +0)
You have supernaturally acute eyesight. (SInv)
Armour fits poorly on your strangely shaped body.
Your system is resistant to poisons. (rPois)
You cover ground very slowly.
You can spit poison.


Message History

Aim: a jackal (moderately wounded)
The splash of poison hits the jackal but does no damage.
The jackal is poisoned.
The jackal is moderately wounded.
The jackal bites you.
* * * LOW HITPOINT WARNING * * *
The jackal barely misses you.
Casting: Foxfire (safe; 8% risk of failure)
Press: ? - help, Q - select action, (/) - cycle Dir - look around, f - activate You conjure some foxfire!
The jackal bites you.
* * * LOW HITPOINT WARNING * * *
Your foxfire dissipates!
You kill the jackal!
The foxfire hits the rat.
You kill the rat!
Casting: Foxfire (safe; 8% risk of failure)
Press: ? - help, Q - select action, (/) - cycle Dir - look around, f - activate You conjure some foxfire!
The frilled lizard bites you.
You die...

######### ###########.###
#.......# #vl†(.(.†)....#
#.#####.#
###@####>.###....
#.#####.####.v...##..# #
#.##.........#.#........#
#.##.##.######.####..##.##
#.##.##.# #.. ........
#.......# #### #####.####
###...### ######......#
#...# #####......#.##.#
#...# #.....####.#.##.####


You could see a frilled lizard.

Vanquished Creatures
  2 dart slugs (D:1)
  A ball python (D:1)
  2 bats (D:1)
  A hobgoblin (D:1)
  3 jackals (D:1)
  2 goblins (D:1)
  3 kobolds (D:1)
  4 rats (D:1)
18 creatures vanquished.

Vanquished Creatures (others)
  9 foxfires (D:1)
9 creatures vanquished.

Grand Total: 27 creatures vanquished

Notes
Turn   | Place    | Note
-------+----------+-------------------------------------------
     0 | D:1      | theswoord the Naga Fire Elementalist began the quest for
                  | the Orb.
     0 | D:1      | Reached XP level 1. HP: 15/15 MP: 3/3
   412 | D:1      | Reached XP level 2. HP: 22/22 MP: 5/5
  1024 | D:1      | Slain by a frilled lizard

Action                   || total
-------------------------++-------
Melee: Unarmed           ||    18
       Dagger            ||    54
 Cast: Foxfire           ||     7
 Abil: Spit Poison       ||     3
 Stab: Sleeping          ||     1
Armor: Robe              ||    14
Dodge: Dodged            ||    61

Levels and vault maps discovered:
D:1:      grunt_arrival_crossed_arrows, layout_loops_cross
